 Dungeon Crawl Stone Soup version 0.23-a0-301-g9da9e51 (webtiles) character file.

145 vierth the Chopper (level 5, -1/45 HPs)
             Began as a Minotaur Berserker on Oct 7, 2018.
             Was a Priest of Trog.
             Slain by a gnoll
             ... wielding a +0 spear
              (2 damage)
             ... on level 3 of the Dungeon.
             The game lasted 00:05:35 (2182 turns).

vierth the Chopper (Minotaur Berserker)             Turns: 2182, Time: 00:05:36

Health: -1/45      AC: 11    Str: 22    XL:     5   Next: 6%
Magic:  4/4        EV:  7    Int:  4    God:    Trog [***...]
Gold:   98         SH:  0    Dex: 10    Spells: 4/4 levels left

rFire    . . .     SeeInvis .   a - +0 hand axe
rCold    . . .     Gourm    .   (no shield)
rNeg     . . .     Faith    .   j - +0 plate armour
rPois    .         Spirit   .   (helmet restricted)
rElec    .         Reflect  .   (no cloak)
rCorr    .         Harm     .   (no gloves)
MR       .....                  (no boots)
Stlth    ..........             (no amulet)
HPRegen  0.15/turn              (no ring)
MPRegen  0.09/turn              (no ring)

@: no status effects
A: retaliatory headbutt, horns 2
a: Berserk, Trog's Hand, Renounce Religion


You were on level 3 of the Dungeon.
You worshipped Trog.
Trog was most pleased with you.
You were not hungry.

You visited 1 branch of the dungeon, and saw 4 of its levels.

You collected 98 gold pieces.

Inventory:

Hand Weapons
 a - a +0 hand axe (weapon)
Armour
 j - a +0 plate armour (worn)
Scrolls
 b - 3 scrolls of remove curse
 e - 3 scrolls of teleportation {unknown}
 h - 2 scrolls of magic mapping {unknown}
 n - 4 scrolls of identify {unknown}
Potions
 d - a potion of magic {unknown}
 f - a potion of agility {unknown}
 g - 6 potions of curing {unknown}
 i - a potion of degeneration {unknown}
 k - a potion of lignification {unknown}
 l - a potion of haste {unknown}
 m - a potion of ambrosia {unknown}
 o - a potion of heal wounds {unknown}
Comestibles
 c - 3 rations


   Skills:
 - Level 3.6 Fighting
 + Level 6.6 Axes
 - Level 2.4 Armour
 - Level 2.1 Dodging
 + Level 1.4 Stealth


You had 4 spell levels left.
You didn't know any spells.
Your spell library was empty.

Dungeon Overview and Level Annotations

Branches:
Dungeon (4/15)
 Temple: D:4-7

Altars:
Cheibriados
Okawaru

Annotations:
D:3 Sigmund


Innate Abilities, Weirdness & Mutations

You reflexively headbutt those who attack you in melee.
You have a pair of horns on your head.


Message History

The ogre is moderately wounded.
You hit the gnoll. The gnoll hits you with a spear.
The gnoll hits you from afar with a spear.
The gnoll hits you from afar with a spear!
You are too injured to fight recklessly!
You are too injured to fight recklessly!
You are too injured to fight recklessly!
You are too injured to fight recklessly!
You are too injured to fight recklessly!
You hit the ogre.
The ogre is heavily wounded.
You hit the gnoll but do no damage.
The gnoll hits you but does no damage. x2
The gnoll hits you from afar with a spear.
* * * LOW HITPOINT WARNING * * *
The gnoll hits you but does no damage.
The ogre hits you with a giant spiked club!
* * * LOW HITPOINT WARNING * * *
The gnoll hits you but does no damage. x2
The gnoll hits you from afar with a spear.
You die...

#........... #.........#
.............# #.).......#
#............# ###.....###
#....#......# #.....####
#.#.##.....##
##........###.#.#.......#
#.........#.....#.#.....#
##........g.Og.......###.####
#.........†#@............†...
#..#......g......#.#####.####
#..#.....(.g....[..# #.#
.......######.......# #.#
........# #.....### #.#
......... ####### #..
........ ### ....... ....


You could see an ogre and 4 gnolls.

Vanquished Creatures
  7 adders
  An ooze (D:2)
  A worm (D:3)
  2 dart slugs
  2 leopard geckos
  A ball python (D:1)
  5 bats
  6 giant cockroaches
  8 goblins
  8 hobgoblins
  3 jackals (D:2)
  4 frilled lizards
  A jackal zombie (D:4)
  14 kobolds
  5 rats
68 creatures vanquished.

Notes
Turn   | Place    | Note
-------+----------+-------------------------------------------
     0 | D:1      | vierth the Minotaur Berserker began the quest for the Orb.
     0 | D:1      | Reached XP level 1. HP: 19/19 MP: 0/0
    76 | D:1      | Reached skill level 4 in Axes
   162 | D:1      | Found an iron altar of Okawaru.
   197 | D:1      | Reached XP level 2. HP: 26/26 MP: 1/1
   950 | D:2      | Reached ** piety under Trog
   951 | D:2      | Reached skill level 5 in Axes
   951 | D:2      | Reached XP level 3. HP: 29/31 MP: 2/2
  1059 | D:2      | Reached skill level 1 in Stealth
  1084 | D:2      | Reached XP level 4. HP: 27/39 MP: 3/3
  1204 | D:2      | Found a snail-covered altar of Cheibriados.
  1565 | D:2      | Reached *** piety under Trog
  1584 | D:2      | Reached skill level 6 in Axes
  1732 | D:3      | Noticed Sigmund
  1941 | D:3      | Noticed an ogre
  2170 | D:4      | Reached XP level 5. HP: 45/45 MP: 4/4
  2181 | D:3      | HP: 1/45 [ogre/giant spiked club (8)]
  2182 | D:3      | Slain by a gnoll

Vault maps used:
D:1:      lemuel_arrival_room, kennysheep_flooded_box
D:2:      cheibriados_altar_1
D:3:      nicolae_dithmenos_through_a_glass_darkly, lemuel_statue_altar,
          uniq_jessica, uniq_sigmund
D:4:      old_standard_altar, minmay_temple_entry_trees, first_ration

Skill      XL: |  1  2  3  4 |
---------------+-------------+-----
Axes           | 4 5 6 |  6.6
Stealth        | 1 |  1.4
Fighting       | |  3.6
Armour         | |  2.4
Dodging        | |  2.1

Action                   |  1- 3 |  4- 6 || total
-------------------------+-------+-------++-------
Melee: Hand axe          |    72 |   107 ||   179
       Headbutt          |     7 |    14 ||    21
  Use: Scroll            |       |     1 ||     1
 Stab: Sleeping          |     1 |       ||     1
  Eat: Chunk             |     1 |     1 ||     2
       Ration            |       |     1 ||     1
Armor: Animal skin       |     4 |       ||     4
       Plate armour      |    22 |   115 ||   137
Dodge: Dodged            |    37 |    56 ||    93

Table legend:
 A = Non-vault XP
 B = Vault XP
 C = Vault XP percentage of total XP
 D = Non-vault monster count
 E = Vault monster count
 F = Vault count percentage of total count
                 A         B        C        D         E       F
            +---------+---------+-------+---------+---------+-------
      Total |     208 |       0 |   0.0 |      68 |       0 |   0.0
            +---------+---------+-------+---------+---------+-------
        D:1 |      34 |       0 |   0.0 |      20 |       0 |   0.0
        D:2 |     100 |       0 |   0.0 |      35 |       0 |   0.0
        D:3 |      47 |       0 |   0.0 |      10 |       0 |   0.0
        D:4 |      27 |       0 |   0.0 |       3 |       0 |   0.0
            +---------+---------+-------+---------+---------+-------
